 Dungeon Crawl Stone Soup version 0.18.1-48-g4cf74bf (webtiles) character file.

1876 DungeonyCrawlthano the Martial Artist (level 8, -1/59 HPs)
             Began as a Demonspawn Monk on Aug 12, 2016.
             Slain by a troll (13 damage)
             ... on level 7 of the Dungeon.
             The game lasted 00:09:21 (7077 turns).

DungeonyCrawlthano the Martial Artist (DsMo)        Turns: 7077, Time: 00:09:22

Health: -1/59      AC:  7    Str: 12    XL:     8   Next: 91%
Magic:  8/8        EV: 13    Int: 12    God:
Gold:   317        SH:  0    Dex: 17    Spells: 1 memorised, 1 level left

rFire  . . .     SeeInvis .       - Unarmed
rCold  . . .     Gourm    .     r - +0 robe (curse)
rNeg   . . .     Faith    .     (no shield)
rPois  .         Spirit   .     t - +0 helmet
rElec  .         Dismiss  .     p - +1 cloak
rCorr  .         Reflect  .     (no gloves)
SustAt .         Harm     .     (no boots)
MR     .....                    y - amulet of rage
Stlth  ++........               (no ring)
                                m - +1 ring of protection

@: drained, not resistant to hostile enchantments, unstealthy
A: claws 2, rugged brown scales 1, demonic guardian 1
a: Evoke Berserk Rage


You were on level 7 of the Dungeon.
You were not hungry.

You visited 2 branches of the dungeon, and saw 8 of its levels.

You collected 317 gold pieces.

Inventory:

Armour
 c - a +0 pearl dragon armour
 e - a +0 buckler
 p - a +1 cloak (worn)
 r - a cursed +0 robe (worn)
 t - a +0 helmet (worn)
 z - a +2 leather armour of positive energy
Jewellery
 a - an uncursed ring of resist corrosion {unknown}
 m - a +1 ring of protection (left claw)
 q - an uncursed ring of stealth {unknown}
 s - an uncursed ring of protection from fire {unknown}
 y - an amulet of rage (around neck)
Wands
 f - a wand of teleportation (6/9)
 h - a wand of digging (15/24)
 j - a wand of digging (7/24)
 w - a wand of disintegration (20/24)
Scrolls
 i - 4 scrolls of teleportation
 k - 3 scrolls of recharging
Potions
 d - 2 potions of flight
 g - 3 potions of curing
 o - a potion of cancellation {unknown}
 u - a potion of might
 v - a potion of haste {unknown}
Books
 x - a book of Enchantments

   Spells                             Type                      Level
   a - Cause Fear                     Hexes                        4
   b - Yara's Violent Unravelling     Hexes/Transmutation          5
   c - Silence                        Hexes/Air                    5
   d - Deflect Missiles               Charms/Air                   6
   e - Haste                          Charms                       6
   f - Discord                        Hexes                        8
Comestibles
 b - 7 bread rations
 l - 3 beef jerkies
 n - 2 meat rations


   Skills:
 - Level 3.0(2.4) Fighting
 + Level 3.2(2.7) Dodging
 - Level 1.7(1.2) Stealth
 - Level 11.0(10.3) Unarmed Combat


You had one spell level left.
You knew the following spells:

 Your Spells              Type           Power        Failure   Level  Hunger
a - Haste                 Chrm           #.......     100%        6    #######


Dungeon Overview and Level Annotations

Branches:
Dungeon (7/15)             Temple (1/1) D:5

Altars:
Cheibriados
Dithmenos
Elyvilon
Fedhas
Gozag
Kikubaaqudgha
Makhleb
Nemelex Xobeh
Pakellas
Qazlal
Ru
Sif Muna
Vehumet
Xom
Yredelemnul
Zin
The Shining One


Innate Abilities, Weirdness & Mutations

You have very sharp fingernails.
You are partially covered in rugged brown scales (AC +1, +3% HP).
A weak demonic guardian rushes to your aid.


Message History

A troll comes into view.
Things that are here:
a falchion; a runed leather armour
z - a runed leather armour The helpless troll fails to defend itself.
You claw the troll! Your claw misses the troll.
The troll is lightly wounded.
The troll bites you! The troll claws you! x2
You claw the troll!
The troll is moderately wounded.
The troll barely misses you. The troll claws you but does no damage.
The troll claws you.
You claw the troll!
The troll is heavily wounded.
You barely miss the troll.
The troll is heavily wounded.
The troll bites you!
* * * LOW HITPOINT WARNING * * *
The troll claws you!
You die...

##.....#.##
#..>.##..# #
#.#.###[#.#.
# #<# #.##.#
#.# #.#
.#### #.#
#.# .>.. #.#
#.# ..# #?.
#)##T.# ###
#.#@5.##.#
#........#
###...##.#
#...# ....#
#...# #...#
..... ....#


You could see a troll and a friendly iron imp.

Vanquished Creatures
  Menkaure (D:4)
  Duvessa (D:4)
  2 sky beasts
  A phantom (D:5)
  An orc warrior (D:6)
  2 ogres
  A centaur (D:5)
  A gnoll sergeant (D:6)
  2 scorpions (D:5)
  Dowan (D:4)
  A howler monkey (D:5)
  4 wights
  A jelly (D:6)
  2 orc wizards (D:4)
  An orc priest (D:5)
  2 hounds (D:5)
  Crazy Yiuf (D:4)
  Jessica (D:2)
  2 worker ants (D:5)
  Natasha (twice) (D:2)
  A hound zombie (D:5)
  2 hound skeletons
  3 gnolls (D:6)
  6 adders
  2 worms
  A giant gecko (D:5)
  15 orcs
  A ball python (D:2)
  5 bats
  2 giant cockroaches
  5 goblins
  4 hobgoblins
  2 quokkas (D:2)
  A giant gecko skeleton (D:5)
  A giant gecko zombie (D:6)
  5 giant newts
  12 kobolds
  A quokka zombie (D:5)
  7 rats
106 creatures vanquished.

Vanquished Creatures (collateral kills)
  Grinder (D:4)
  A dart slug (D:2)
2 creatures vanquished.

Grand Total: 108 creatures vanquished

Notes
Turn   | Place    | Note
--------------------------------------------------------------
     0 | D:1      | DungeonyCrawlthano the Demonspawn Monk began the quest for the Orb.
     0 | D:1      | Reached XP level 1. HP: 18/18 MP: 1/1
   338 | D:1      | Reached skill level 4 in Unarmed Combat
   378 | D:1      | Gained mutation: A weak demonic guardian rushes to your aid. [demonic ancestry]
   378 | D:1      | Reached XP level 2. HP: 19/24 MP: 2/2
   915 | D:2      | Reached XP level 3. HP: 24/29 MP: 3/3
  1170 | D:2      | Noticed Jessica
  1180 | D:2      | Killed Jessica
  1180 | D:2      | Reached skill level 5 in Unarmed Combat
  1180 | D:2      | Gained mutation: You have sharp fingernails. [demonic ancestry]
  1180 | D:2      | Reached XP level 4. HP: 35/35 MP: 4/4
  1411 | D:2      | Found a deep blue altar of Sif Muna.
  1541 | D:2      | Found a stormy altar of Qazlal.
  1641 | D:2      | Noticed Natasha
  1649 | D:2      | Killed Natasha
  1782 | D:2      | Noticed Natasha
  1790 | D:2      | Killed Natasha
  2004 | D:3      | Gained mutation: You have very sharp fingernails. [demonic ancestry]
  2004 | D:3      | Reached XP level 5. HP: 31/41 MP: 5/5
  2137 | D:3      | Found an oddly glowing altar of Pakellas.
  2448 | D:3      | Found a snail-covered altar of Cheibriados.
  2448 | D:3      | Found a sparkling altar of Nemelex Xobeh.
  2517 | D:3      | Reached skill level 6 in Unarmed Combat
  2574 | D:4      | Noticed Crazy Yiuf
  2594 | D:4      | Killed Crazy Yiuf
  2962 | D:4      | Noticed Dowan
  2965 | D:4      | Noticed Duvessa
  2976 | D:4      | Killed Duvessa
  2976 | D:4      | Reached XP level 6. HP: 47/47 MP: 6/6
  2982 | D:4      | Killed Dowan
  2982 | D:4      | Reached skill level 7 in Unarmed Combat
  3000 | D:4      | Found a glowing golden altar of the Shining One.
  3104 | D:4      | Noticed Menkaure
  3108 | D:4      | Noticed Grinder
  3111 | D:4      | Killed Menkaure
  3111 | D:4      | Gained mutation: You are partially covered in rugged brown scales (AC +1, +3% HP). [demonic ancestry]
  3111 | D:4      | Reached XP level 7. HP: 34/53 MP: 7/7
  3118 | D:4      | Killed Grinder
  3118 | D:4      | Reached skill level 8 in Unarmed Combat
  3691 | D:5      | Entered Level 5 of the Dungeon
  3796 | D:5      | Found a staircase to the Ecumenical Temple.
  3888 | D:5      | Reached skill level 9 in Unarmed Combat
  3962 | Temple   | Entered the Ecumenical Temple
  3970 | Temple   | Learned a level 6 spell: Haste
  4258 | D:5      | Found a radiant altar of Vehumet.
  4258 | D:5      | Found a sacrificial altar of Ru.
  4273 | D:5      | Reached XP level 8. HP: 40/59 MP: 8/8
  4682 | D:5      | Reached skill level 10 in Unarmed Combat
  5033 | D:5      | Found a shadowy altar of Dithmenos.
  6766 | D:6      | Reached skill level 11 in Unarmed Combat
  7067 | D:7      | Noticed a troll
  7077 | D:7      | Slain by a troll

Skill      XL: |  1  2  3  4  5  6  7  8 |
---------------+-------------------------+-----
Unarmed Combat | 4 5 6 7 9 11 | 11.0
Dodging        | 3 |  3.2
Fighting       | |  3.0
Stealth        | |  1.7

Action                   |  1- 3 |  4- 6 |  7- 9 || total
-------------------------+-------+-------+-------++-------
Melee: Unarmed           |   107 |    89 |   171 ||   367
       Punch             |     3 |     3 |     8 ||    14
  Use: Scroll            |     4 |    10 |     2 ||    16
       Potion            |       |     6 |       ||     6
 Stab: Sleeping          |     4 |     5 |     6 ||    15
       Distracted        |       |       |     1 ||     1
  Eat: Chunk             |       |     4 |     8 ||    12
       Bread ration      |       |     1 |     1 ||     2
Armor: Robe              |    11 |    14 |    35 ||    60
Dodge: Dodged            |    65 |    39 |    87 ||   191
